 Dungeon Sprint DCSS version 0.30-a0-881-g1ff12e1e11 (webtiles) character file.

Game seed: 17040985654142970220

227 rocky1 the Martial Artist (level 5, -18/50 HPs)
             Began as a Draconian Transmuter on Mar 14, 2023.
             Was a Follower of Sif Muna.
             Demolished by a komodo dragon (28 damage)
             ... in the Dungeon (Sprint IX: "|||||||||||||||||||||||||||||").
             The game lasted 00:01:38 (438 turns).

rocky1 the Martial Artist (Draconian Transmuter)     Turns: 438, Time: 00:01:38

Health: -18/50     AC:  5    Str: 12    XL:     5   Next: 70%
Magic:  6/12       EV: 11    Int: 13    God:    Sif Muna [*.....]
Gold:   0          SH:  0    Dex: 14    Spells: 3/13 levels left

rFire   x . .      SeeInvis .      - Unarmed
rCold   + + +      Faith    .    (shield currently unavailable)
rNeg    . . .      Spirit   .    (body armour unavailable)
rPois   +          Reflect  .    (helmet currently unavailable)
rElec   .          Rampage  .    k - melded +0 cloak
rCorr   .          NoTele   +    (gloves currently unavailable)
Will    .....                    (boots currently unavailable)
Stlth   +                        (no amulet)
HPRegen 0.28/turn                (no ring)
MPRegen 0.13/turn                (no ring)

@: ice-form
A: freezing attack, amphibious, boosted hp, AC +5, large, unfitting armour,
(cold-blooded)
a: End Transformation, Renounce Religion, Channel Magic


You were in the Dungeon.
You worshipped Sif Muna.
Sif Muna was aware of your devotion.
You were a creature of crystalline ice.
You visited 1 branch

Inventory:

Armour
 k - a +0 cloak (melded)
Jewellery
 l - a +3 ring of dexterity
 m - a +3 ring of intelligence
Wands
 j - a wand of roots (10)
Scrolls
 g - 2 scrolls of blinking
 i - 2 scrolls of amnesia
Potions
 a - a potion of lignification
 b - a potion of invisibility
 c - 2 potions of heal wounds
 d - a potion of haste
 e - 4 potions of magic
 f - a potion of berserk rage
 h - 4 potions of curing


   Skills:
 + Level 2.5 Fighting
 + Level 4.1 Dodging
 + Level 0.5 Stealth
 + Level 9.0 Unarmed Combat
 + Level 4.9 Spellcasting
 + Level 4.8 Transmutations
 + Level 0.9 Ice Magic


You had 3 spell levels left.
You knew the following spells:

 Your Spells              Type           Power      Damage    Failure   Level
a - Beastly Appendage     Tmut           30%        N/A       2%          1
b - Wereblood             Tmut           15%        N/A       4%          2
c - Spider Form           Tmut/Pois      9%         N/A       22%         3
d - Ice Form              Ice/Tmut       10%        N/A       50%         4

Your spell library contained the following spells:

 Spells                   Type           Power      Damage    Failure   Level


Dungeon Overview and Level Annotations

Branches:
Dungeon (1/1)

Altars:
Cheibriados
Dithmenos
Elyvilon
Fedhas
Gozag
Hepliaklqana
Kikubaaqudgha
Makhleb
Nemelex Xobeh
Okawaru
Qazlal
Ru
Sif Muna
Trog
Uskayaw
Vehumet
Wu Jian
Xom
Yredelemnul
Zin
The Shining One
Jiyva
Lugonu


Innate Abilities, Weirdness & Mutations

You are a creature of crystalline ice.
You have a powerful freezing melee attack.
You are amphibious.
Your maximum health is increased.
Your armour is entirely melded.
You are incapable of wielding weapons or throwing items.
((Your plain brown scales are hard. (AC +5)))
You cannot fit into any form of body armour.
((You are cold-blooded and may be slowed by cold attacks.))


Message History

Sif Muna accepts your kill.
Your Spellcasting skill increases to level 4!
Your Transmutations skill increases to level 4!
You hit the howler monkey. You freeze the howler monkey.
The howler monkey is moderately wounded.
The howler monkey hits you. The gnoll sergeant barely misses you.
You pummel the howler monkey!! You freeze the howler monkey.
You kill the howler monkey!
Sif Muna accepts your kill.
Your Fighting skill increases to level 2!
Your Unarmed Combat skill increases to level 8!
You have reached level 5!
The gnoll sergeant hits you with a +0 spear!
Things that are here:
a +0 dagger; a +1 robe of willpower; an orc corpse You hit the gnoll sergeant.
You freeze the gnoll sergeant.
The gnoll sergeant is moderately wounded.
The gnoll sergeant hits you but does no damage.
You punch the gnoll sergeant! You freeze the gnoll sergeant.
The gnoll sergeant is severely wounded.
The gnoll sergeant hits you with a +0 spear.
You hit the gnoll sergeant. You freeze the gnoll sergeant.
The gnoll sergeant is almost dead.
The gnoll sergeant hits you with a +0 spear!
* * * LOW HITPOINT WARNING * * *
You punch the gnoll sergeant! You freeze the gnoll sergeant.
You kill the gnoll sergeant!
Sif Muna accepts your kill.
You can now call upon Sif Muna for magical energy.
Your Dodging skill increases to level 4!
Your Unarmed Combat skill increases to level 9!
You hit the komodo dragon but do no damage.
The komodo dragon bites you.
* * * LOW HITPOINT WARNING * * *
You punch the komodo dragon!
The komodo dragon seems to slow down.
You freeze the komodo dragon.
The komodo dragon is lightly wounded.
The komodo dragon bites you!!
Ouch! That really hurt!
You die... ▓▓▓▓▓▓▓▓▓▓▓▓▓▓▓▓▓▓▓▓▓▓▓ _____'..).[.[..'YloT..+ ▓▓▓▓▓▓▓▓▓▓▓▓▓▓▓▓▓▓▓▓▓▓▓

You could see a komodo dragon (slow), a troll and an orc warrior.

Vanquished Creatures
  A gnoll sergeant (D)
  A scorpion (D)
  A howler monkey (D)
  A hound (D)
  An orc wizard (D)
  An adder (D)
  2 orcs (D)
  A ball python (D)
  A goblin (D)
  A jackal (D)
  A kobold (D)
  A rat (D)
13 creatures vanquished.

Notes
Turn   | Place    | Note
-------+----------+-------------------------------------------
     0 | D        | rocky1 the Draconian Transmuter began the quest for the
                  | Orb.
     0 | D        | Reached XP level 1. HP: 16/16 MP: 3/3
    13 | D        | Reached skill level 4 in Unarmed Combat
    18 | D        | Noticed a hound
    18 | D        | Noticed a scorpion
    26 | D        | Killed a hound
    27 | D        | Reached skill level 5 in Unarmed Combat
    27 | D        | Reached XP level 2. HP: 15/23 MP: 3/6
    27 | D        | Reached XP level 3. HP: 18/28 MP: 3/7
    40 | D        | Killed a scorpion
    41 | D        | Reached skill level 7 in Unarmed Combat
    41 | D        | Reached XP level 4. HP: 10/35 MP: 3/9
   336 | D        | Found a snail-covered altar of Cheibriados.
   336 | D        | Found a shadowy altar of Dithmenos.
   336 | D        | Found a white marble altar of Elyvilon.
   336 | D        | Found a blossoming altar of Fedhas.
   336 | D        | Found an opulent altar of Gozag.
   337 | D        | Found a hazy altar of Hepliaklqana.
   338 | D        | Found a viscous altar of Jiyva.
   339 | D        | Found an ancient bone altar of Kikubaaqudgha.
   340 | D        | Found a corrupted altar of Lugonu.
   341 | D        | Found a burning altar of Makhleb.
   342 | D        | Found a sparkling altar of Nemelex Xobeh.
   343 | D        | Found an iron altar of Okawaru.
   344 | D        | Found a stormy altar of Qazlal.
   349 | D        | Found a sacrificial altar of Ru.
   362 | D        | Found a shimmering blue altar of Sif Muna.
   363 | D        | Found a bloodstained altar of Trog.
   364 | D        | Found a hide-covered altar of Uskayaw.
   365 | D        | Found a radiant altar of Vehumet.
   366 | D        | Found an ornate altar of the Wu Jian Council.
   367 | D        | Found a shimmering altar of Xom.
   368 | D        | Found a basalt altar of Yredelemnul.
   369 | D        | Found a glowing silver altar of Zin.
   370 | D        | Found a glowing golden altar of the Shining One.
   378 | D        | Became a worshipper of Sif Muna the Loreminder
   414 | D        | Learned a level 2 spell: Wereblood
   418 | D        | Learned a level 3 spell: Spider Form
   423 | D        | Learned a level 4 spell: Ice Form
   424 | D        | Noticed a gnoll sergeant
   424 | D        | Noticed a komodo dragon
   424 | D        | Noticed an orc warrior
   424 | D        | Noticed a troll
   432 | D        | Reached skill level 8 in Unarmed Combat
   432 | D        | Reached XP level 5. HP: 35/41 MP: 5/11
   436 | D        | Reached * piety under Sif Muna
   437 | D        | Reached skill level 9 in Unarmed Combat
   438 | D        | Demolished by a komodo dragon

Illustrated notes

Levels and vault maps discovered:
D:        linesprint [early_d, line_temple, items_1, d_10, items_2, lair_1,
          lair_end, items_3, orc_1, orc_end, items_4, d_15, swamp_1, shoals_1,
          snake_1, spider_1, d_20, vaults_1, items_5, swamp_end, shoals_end,
          snake_end, spider_end, vaults_end, d_27, items_6, zot_1, zot_end,
          crypt_end, forest_end, elf_end, slime_end, tomb_end, abyss_end,
          pan_hell_end]

Skill      XL: |  1  2  3  4  5 |
---------------+----------------+-----
Dodging        | 2 3 4 |  4.1
Unarmed Combat | 5 7 8 9 |  9.0
Spellcasting   | 3 4 |  4.9
Transmutations | 3 4 |  4.8
Fighting       | 2 |  2.5
Stealth        | |  0.5
Ice Magic      | |  0.9

Action                     |  1- 3 |  4- 6 || total
---------------------------+-------+-------++-------
  Melee: Unarmed           |    25 |    26 ||    51
         Kick              |     3 |       ||     3
         Headbutt          |     3 |       ||     3
         Tailslap          |     2 |       ||     2
         Punch             |     1 |       ||     1
   Cast: Beastly Appendage |     3 |     1 ||     4
         Ice Form          |       |     1 ||     1
    Use: Potion            |     1 |     1 ||     2
 Armour: Skin              |     2 |     5 ||     7
  Dodge: Dodged            |    17 |    12 ||    29

Table legend: (Time is in decaauts)
 A = Elapsed time spent in this place.
 B = Non-inter-level travel time spent in this place.
 C = Inter-level travel time spent in this place.
 D = Time resting spent in this place.
 E = Time spent auto-exploring this place.
 F = Levels seen in this place.
 G = Mean time per level.
                   A        B        C        D        E       F      G
               +--------+--------+--------+--------+--------+-----+--------+
         Total |    432 |    432 |      0 |    274 |      0 |   1 |  432.0 |
       Dungeon |    432 |    432 |      0 |    274 |      0 |   1 |  432.0 |
               +--------+--------+--------+--------+--------+-----+--------+

Top non-repeatable levels by time:
       D: 432 daAuts
